Map: Abyssal Reef LE

Players

Bombs

  • Race: Terran Terran
  • League: Master
  • Spawn Location: 5:00

A.I. 1 (Elite) - Winner!

  • Race: Zerg Zerg
  • Spawn Location: 11:00

VOD

https://www.youtube.com/watch?v=YT4rTq6NCeY

Description

14 Supply
16 Barracks
16 Gas
100% Barracks > Reactor, Pull 1 Scv out of the Gas, Expand, Supply closing the Natural
100% Reactor > Make 2 Marines
Save 400 Minerals > 3rd CC, Factory, Resume Marine Prod, Resume SCV Prod, Resaturate Gas, Build 2nd Gas
100% Factory > Tech lab, Starport
100% Starport > Viking
10 SCV at Natural > 2 Gases
100% 2nd Siege Tank > Land on Reactor, Build 2 More Factories, Reactor on Starport
2 Bases fully Saturated > Build Armory, Engineering Bay, Land on Third and get 2 more Gases
Now only Produce Hellbats, Siege Tanks and Liberators
Any Extra Mineral, Build Extra CC's
4th Base Gases Fully Saturated > Build 2 more Factories and 2 more Starports
Whenever you reach 190 Supply > Attack

Time

  • Played on: June 14, 2017, 4:43 a.m.
  • Length: 10:35
Show
View Real Time Build Order
Export as new Build Order

Bombs Terran 

Build Orders: Mech 

Get SALT Encoding   

  12  0:01  SCV  
  13  0:13  SCV  
  14  0:17  Supply Depot  
  14  0:25  SCV  
  15  0:39  SCV  
  15  0:40  Barracks  
  16  0:44  Refinery  
  16  0:51  SCV  
  17  1:03  SCV  
  18  1:15  SCV  
  19  1:28  Barracks Reactor  
  19  1:29  Orbital Command  
  19  1:41  Command Center  
  19  1:55  SCV  
  19  1:56  Supply Depot  
  20  2:04  Marine x2  
  22  2:09  SCV  
  23  2:21  SCV  
  24  2:27  Command Center  
  24  2:34  Factory  
  24  2:37  SCV  
  24  2:42  Marine x2  
  27  2:48  Refinery  
  27  2:50  SCV  
  28  2:57  Orbital Command  
  28  3:02  SCV  
  28  3:04  Marine  
  30  3:05  Marine  
  31  3:15  SCV  
  31  3:18  Factory Tech Lab  
  31  3:19  Starport  
  32  3:22  SCV  
  32  3:26  Marine  
  35  3:27  SCV  
  35  3:34  SCV  
  35  3:38  Siege Tank  
  40  3:41  SCV  
  40  3:42  Orbital Command  
  40  3:47  SCV  
  41  3:50  Marine x2  
  41  3:53  SCV  
  44  3:58  Viking  
  44  3:59  SCV  
  47  4:05  SCV  
  47  4:08  SCV  
  49  4:10  Supply Depot  
  49  4:11  SCV  
  49  4:14  Siege Tank  
  53  4:19  Refinery x2  
  53  4:20  Marine x2  
  53  4:22  SCV  
  53  4:23  SCV  
  57  4:28  SCV  
  58  4:35  SCV  
  58  4:38  Supply Depot  
  59  4:40  SCV x2  
  63  4:48  SCV  
  62  4:55  Starport Reactor  
  62  4:56  Factory, SCV  
  62  4:57  Factory, SCV  
  64  5:00  SCV  
  64  5:01  Supply Depot  
  64  5:04  Hellion x2  
  69  5:07  Orbital Command  
  69  5:09  SCV  
  69  5:11  Armory  
  69  5:12  Engineering Bay  
  71  5:16  SCV  
  71  5:21  SCV  
  71  5:23  Refinery  
  71  5:26  Supply Depot  
  72  5:28  SCV  
  72  5:30  Hellion x2  
  72  5:31  Refinery  
  72  5:33  SCV x2  
  79  5:40  SCV  
  79  5:42  Factory Tech Lab  
  80  5:44  Siege Tank  
  80  5:45  SCV x2  
  80  5:48  Liberator  
  85  5:53  SCV  
  85  5:55  Liberator  
  86  5:57  SCV  
  86  5:58  Supply Depot, SCV  
  86  6:00  Terran Vehicle Weapons Level 1  
  88  6:05  SCV  
  88  6:09  SCV  
  93  6:12  Hellbat x2  
  93  6:16  Supply Depot  
  100  6:20  Siege Tank  
  100  6:21  Infernal Pre-Igniter  
  100  6:22  Siege Tank  
  100  6:23  Supply Depot, SCV  
  107  6:27  Supply Depot  
  107  6:29  SCV  
  107  6:31  Liberator, SCV  
  109  6:37  Liberator  
  109  6:38  SCV  
  110  6:40  Bunker  
  110  6:42  Hellbat x2  
  110  6:45  Supply Depot  
  110  6:46  Supply Depot x2, SCV  
  118  6:55  Supply Depot  
  118  7:00  Siege Tank  
  118  7:01  Siege Tank  
  127  7:06  Supply Depot  
  127  7:09  Supply Depot  
  127  7:12  Hellbat  
  127  7:13  Hellbat  
  127  7:14  Liberator  
  127  7:15  Supply Depot  
  131  7:20  Liberator  
  131  7:32  Siege Tank  
  131  7:33  Siege Tank  
  131  7:34  Hellbat x2  
  144  7:39  Command Center  
  144  7:40  Refinery, Supply Depot  
  148  7:56  Refinery  
  148  7:57  Hellbat x2  
  151  7:59  Terran Vehicle Weapons Level 2  
  151  8:02  Liberator  
  151  8:03  Liberator  
  151  8:04  Siege Tank  
  151  8:05  Siege Tank  
  157  8:06  Missile Turret  
  157  8:09  Missile Turret  
  157  8:10  Missile Turret  
  157  8:11  Missile Turret  
  157  8:13  Missile Turret  
  160  8:24  Hellbat x2  
  167  8:33  Missile Turret  
  167  8:36  Siege Tank  
  170  8:43  Siege Tank  
  173  8:50  Command Center  
  173  8:52  Planetary Fortress, Command Center  
  173  9:03  Hellbat x2  
  173  9:09  Siege Tank  
  175  9:18  Factory  
  175  9:20  Factory, Starport  
  175  9:21  Liberator x2  
  175  9:23  Starport  
  156  9:31  Siege Tank  
  156  9:32  Hellbat x2  
  169  9:55  Siege Tank  
  169  9:56  Hellbat  
  169  9:57  Hellbat  
  169  9:59  Starport Reactor  
  176  10:00  Starport Reactor  
  179  10:11  Factory Reactor, Factory Tech Lab  
  179  10:20  Command Center  
Show
View Real Time Build Order
Export as new Build Order

A.I. 1 (Elite) Zerg - Winner!

Build Orders: Pool First 

Get SALT Encoding   

  12  0:00  Drone  
  13  0:12  Overlord  
  13  0:16  Drone  
  14  0:30  Drone x2  
  16  0:43  Spawning Pool  
  16  0:45  Drone  
  17  0:50  Drone  
  17  1:14  Hatchery, Drone  
  17  1:18  Extractor  
  16  1:20  Drone  
  16  1:23  Drone  
  18  1:28  Drone  
  19  1:38  Overlord  
  19  1:49  Drone  
  19  1:51  Queen  
  22  2:00  Zergling x2  
  23  2:10  Drone  
  24  2:21  Drone  
  25  2:26  Queen  
  25  2:28  Roach Warren  
  26  2:32  Drone  
  26  2:35  Extractor  
  26  2:40  Drone  
  27  2:46  Overlord  
  27  2:50  Drone  
  28  2:52  Drone  
  28  2:56  Drone  
  30  2:58  Drone  
  30  3:02  Drone  
  32  3:06  Zergling x2  
  32  3:09  Zergling x2  
  34  3:13  Roach  
  34  3:17  Roach  
  38  3:21  Roach  
  38  3:25  Roach  
  42  3:27  Drone  
  42  3:30  Drone  
  44  3:36  Overlord  
  44  3:42  Lair  
  44  3:46  Metabolic Boost  
  44  3:54  Drone x2  
  46  3:55  Drone  
  46  3:59  Drone  
  46  4:00  Drone  
  49  4:03  Drone  
  49  4:05  Drone  
  49  4:09  Overlord  
  51  4:12  Drone  
  52  4:18  Evolution Chamber, Drone  
  52  4:21  Evolution Chamber  
  52  4:22  Drone  
  52  4:28  Drone x2  
  54  4:32  Drone  
  54  4:34  Drone  
  54  4:36  Drone  
  54  4:37  Drone  
  58  4:42  Infestation Pit  
  58  4:43  Drone  
  58  4:44  Zerg Missile Weapons Level 1  
  58  4:48  Zerg Ground Armor Level 1  
  58  4:51  Overlord  
  58  4:54  Overlord  
  58  4:56  Drone  
  58  4:57  Zergling x2  
  60  5:09  Roach x2  
  60  5:10  Drone  
  60  5:12  Hydralisk Den, Drone  
  60  5:13  Drone  
  66  5:15  Overlord  
  66  5:17  Drone  
  66  5:19  Drone  
  68  5:27  Extractor  
  67  5:28  Infestor, Drone  
  67  5:30  Drone, Extractor  
  67  5:34  Roach  
  72  5:39  Roach, Overlord  
  72  5:41  Hydralisk  
  76  5:47  Hydralisk  
  76  5:49  Drone  
  79  5:50  Drone x2  
  79  5:52  Drone x2  
  83  6:00  Overlord  
  83  6:03  Roach  
  85  6:08  Roach, Infestor  
  89  6:11  Hatchery  
  89  6:12  Drone  
  89  6:16  Ravager  
  89  6:18  Roach  
  92  6:19  Overlord  
  92  6:25  Ravager  
  93  6:27  Roach  
  93  6:31  Hydralisk  
  96  6:36  Hydralisk  
  96  6:38  Overlord  
  98  6:40  Spine Crawler  
  97  6:50  Infestor  
  99  7:04  Infestor  
  99  7:06  Overlord  
  99  7:07  Spine Crawler, Roach  
  102  7:13  Roach  
  104  7:16  Roach  
  106  7:23  Queen, Drone  
  106  7:24  Drone x4  
  106  7:25  Drone x4, Overlord  
  106  7:26  Drone  
  106  7:29  Zerg Missile Weapons Level 2  
  118  7:33  Drone  
  118  7:34  Drone x2  
  121  7:37  Hatchery, Extractor  
  121  7:43  Zergling x4, Extractor, Overlord  
  120  7:44  Zergling x2  
  120  7:45  Zerg Melee Weapons Level 1, Drone  
  120  7:46  Evolution Chamber, Drone  
  120  7:47  Drone x2  
  120  7:48  Overseer, Drone  
  125  7:55  Drone  
  125  7:56  Drone  
  125  7:57  Drone  
  128  8:06  Drone, Overlord  
  128  8:07  Drone  
  128  8:11  Zerg Ground Armor Level 2  
  130  8:15  Drone x3  
  130  8:16  Drone  
  130  8:19  Drone  
  135  8:27  Drone, Spore Crawler  
  135  8:29  Drone, Spore Crawler  
  135  8:42  Spine Crawler, Hydralisk, Overlord  
  135  8:45  Hydralisk  
  138  8:48  Queen  
  138  8:49  Drone  
  141  8:57  Ravager, Roach, Drone, Extractor  
  141  9:00  Extractor  
  141  9:01  Drone  
  144  9:03  Ravager, Roach  
  144  9:06  Overlord  
  144  9:07  Roach  
  144  9:08  Roach  
  144  9:09  Spine Crawler  
  151  9:10  Drone  
  151  9:11  Drone, Spore Crawler  
  151  9:12  Zergling x6, Hatchery, Drone  
  151  9:13  Zergling x4  
  153  9:19  Zergling x2  
  153  9:20  Roach, Baneling Nest  
  153  9:21  Zergling x2, Roach, Drone  
  153  9:22  Zergling x2, Roach  
  145  9:24  Roach  
  145  9:25  Zergling x2  
  145  9:26  Hydralisk, Roach  
  145  9:27  Roach x2  
  133  9:31  Overseer  
  133  9:33  Hydralisk, Roach, Infestor  
  133  9:34  Infestor  
  133  9:36  Infestor  
  139  9:39  Infestor  
  141  10:03  Zergling x4, Baneling x5  
  141  10:04  Spine Crawler  
  141  10:05  Zergling x2, Drone, Baneling  
  144  10:13  Spine Crawler  
  144  10:14  Drone  
Tags
 
Composition
Mech
League
Master
Matchup
TvZ
Opening
Pool First
Spawn Locations
Cross Positions
Add a new tag
Caveats
  • Supply blocks, unpowered buildings, or Contaminate may cause inaccurate times.
  • Supply counts are checked every 10 seconds.